 Dungeon Crawl Stone Soup version 0.29-a0-520-gc852659d43 (webtiles) character file.

Game seed: 13169305309679279963

2146 hquester1 the Skirmisher (level 9, 0/92 HPs)
             Began as a Troll Fighter on May 31, 2022.
             Slain by an orc warrior
             ... wielding a +0 halberd
              (13 damage)
             ... in a bailey.
             The game lasted 00:19:35 (5374 turns).

hquester1 the Skirmisher (Troll Fighter)            Turns: 5374, Time: 00:19:36

Health: 0/92       AC:  8    Str: 26    XL:     9   Next: 9%
Magic:  8/8        EV: 18    Int:  4    God:
Gold:   311        SH: 10    Dex: 13    Spells: 8/8 levels left

rFire   . . .      SeeInvis .     - Unarmed
rCold   + . .      Faith    .   b - +1 kite shield
rNeg    . . .      Spirit   .   a - +0 robe
rPois   .          Reflect  .   (helmet restricted)
rElec   .          Harm     .   r - +1 cloak {Stlth+}
rCorr   .          Rampage  .   (gloves unavailable)
Will    .....                   (boots unavailable)
Stlth   ++........              (no amulet)
HPRegen 1.05/turn               n - +4 ring of evasion
MPRegen 0.11/turn               E - +4 ring of evasion

@: no status effects
A: large, unfitting armour, claws 3, regeneration 1, shaggy fur 1, tough skin 1,
iridescent scales 1, cold resistance 1
a: no special abilities


You were in a bailey.
You visited 1 branch of the dungeon, and saw 7 of its levels.
You also visited: Ossuary and Bailey.

You collected 311 gold pieces.

Inventory:

Hand Weapons
 p - a +3 short sword of venom
 w - a +2 dire flail of distortion
Armour
 a - a +0 robe (worn)
 b - a +1 kite shield (worn)
 h - a +0 cloak
 r - a +1 cloak of stealth (worn)
 C - a scarf of repulsion
Jewellery
 n - a +4 ring of evasion (left claw)
 s - a ring of positive energy
 E - a +4 ring of evasion (right claw)
Wands
 f - a wand of charming (9)
 t - a wand of flame (26)
Scrolls
 e - 2 scrolls of fear
 i - a scroll of brand weapon {unknown}
 j - 2 scrolls of teleportation
 m - a scroll of enchant weapon
 v - a scroll of immolation
 D - 2 scrolls of noise
Potions
 c - a potion of might
 d - 2 potions of mutation
 g - 6 potions of curing
 k - 2 potions of flight
 l - a potion of brilliance
 o - 3 potions of haste
 q - 2 potions of resistance
 u - 2 potions of cancellation
 x - 2 potions of heal wounds
 z - a potion of ambrosia
 B - a potion of invisibility {unknown}


   Skills:
 * Level 6.8 Fighting
 + Level 5.0 Dodging
 + Level 5.6 Shields
 + Level 5.7 Unarmed Combat


You had 8 spell levels left.
You didn't know any spells.
Your spell library contained the following spells:

 Spells                   Type           Power      Damage    Failure   Level
 Static Discharge         Conj/Air       0%         N/A       88%         2
 Ignite Poison            Fire/Tmut/Pois 0%         N/A       98%         3
 Mephitic Cloud           Conj/Pois/Air  0%         N/A       98%         3
 Ozocubu's Armour         Ice            0%         N/A       98%         3
 Freezing Cloud           Conj/Ice/Air   0%         6-21      100%        5
 Lightning Bolt           Conj/Air       0%         1d11      100%        5
 Metabolic Englaciation   Hex/Ice        0%         N/A       100%        5
 Simulacrum               Ice/Necr       0%         N/A       100%        6
 Maxwell's Capacitive Co  Air            0%         ∞         100%        8


Dungeon Overview and Level Annotations

Branches:
Dungeon (7/15)             Temple (0/1) D:4         Ossuary (visited)
 Bailey (1/1)

Altars:
Makhleb
Qazlal
Sif Muna
Vehumet
Yredelemnul

Annotations:
D:3 exclusion: statue


Innate Abilities, Weirdness & Mutations

You are too large for most types of armour.
You have claws for hands.
Your natural rate of healing is unusually fast.
You are covered in fur. (AC +1)
You have tough skin. (AC +1)
You are partially covered in iridescent scales. (AC +2)
Your flesh is cold resistant. (rC+)


Message History

There is a large open door here.
The orc warrior shouts!
You block the orc warrior's attack.
You mangle the orc warrior!!
The orc warrior is severely wounded.
The orc warrior completely misses you.
You scratch the orc warrior but do no damage.
The orc warrior is severely wounded.
The orc warrior closely misses you.
You barely miss the orc warrior.
The orc warrior is severely wounded.
The orc warrior completely misses you.
You closely miss the orc warrior.
The orc warrior is severely wounded.
The orc warrior barely misses you.
You barely miss the orc warrior.
The orc warrior is severely wounded.
The orc warrior hits you with a +0 halberd!
You scratch the orc warrior.
The orc warrior is almost dead.
The orc warrior hits you with a +0 halberd!
You mangle the orc warrior!!
You kill the orc warrior!
The orc warrior shouts!
Things that are here:
a +0 halberd; a +0 ring mail The orc warrior hits you from afar with a +0 halberd!!
The orc warrior shouts!
You hear a shout!
You block the orc warrior's attack.
The orc warrior hits you from afar with a +0 spear!
You claw the orc warrior!
The orc warrior is severely wounded.
The orc warrior hits you with a +0 halberd!
* * * LOW HITPOINT WARNING * * *
An orc warrior comes into view. It is wielding a +0 halberd.
The orc warrior hits you from afar with a +0 spear.
* * * LOW HITPOINT WARNING * * *
The orc warrior hits you from afar with a +0 halberd!
You die...

#..# # #..# #o #..#
#..########.)#
##o..8o...8...##
#.....o......).#
#♣♣♣♣#$.####o'####.$#
#≈≈..####........####
#≈≈≈........@........
#≈≈≈≈.......)....♣...
#≈≈≈≈≈≈...#....#...♣♣♣
#≈≈≈≈≈≈≈≈≈#....#≈≈≈≈≈♣♣#
#♣♣≈≈≈≈≈≈≈#....#≈≈≈≈≈≈≈#
♣.≈≈≈≈≈≈#....#≈≈≈≈≈≈≈#
♣...≈≈≈≈#....#≈≈≈≈≈≈≈#
♣♣......#....#....≈≈≈#
♣♣................≈≈#


You could see 3 orc warriors.

Vanquished Creatures
  Edmund (D:6)
  A water moccasin (D:5)
  A sky beast (D:6)
  2 black bears
  3 orc warriors
  An ogre (D:5)
  Blork the orc (D:4)
  2 elf zombies (Ossuary)
  6 scorpions
  A centaur zombie (Ossuary)
  A hound (D:5)
  3 orc priests
  Crazy Yiuf (D:3)
  A jelly (D:4)
  An iguana (D:5)
  Ijyb (D:3)
  3 orc wizards
  3 hound zombies (Ossuary)
  Robin (D:3)
  3 mummies (Ossuary)
  7 adders
  4 gnolls (D:6)
  A white imp (D:5)
  3 ufetubi
  6 adder zombies (Ossuary)
  A worm (D:3)
  8 dart slugs
  19 orcs
  6 bats
  10 endoplasms
  2 giant cockroaches (D:4)
  A gnoll zombie (Ossuary)
  16 goblins
  7 hobgoblins
  4 jackals (D:3)
  2 quokkas
  7 ball pythons
  5 frilled lizards
  5 goblin zombies (Ossuary)
  A hobgoblin zombie (Ossuary)
  7 jackal zombies (Ossuary)
  4 kobolds
  An orc zombie (Ossuary)
  6 quokka zombies
  4 rats
  4 rat zombies (Ossuary)
178 creatures vanquished.

Notes
Turn   | Place    | Note
-------+----------+-------------------------------------------
     0 | D:1      | hquester1 the Troll Fighter began the quest for the Orb.
     0 | D:1      | Reached XP level 1. HP: 22/22 MP: 0/0
   123 | D:1      | Reached XP level 2. HP: 25/29 MP: 1/1
   488 | D:1      | Found a faded altar of an unknown god.
   998 | D:2      | Reached XP level 3. HP: 35/36 MP: 2/2
  1273 | D:2      | Reached skill level 3 in Fighting
  1496 | D:2      | Reached XP level 4. HP: 45/45 MP: 3/3
  1574 | D:2      | Gained mutation: You are partially covered in iridescent
                  | scales. (AC +2) [potion of mutation]
  1574 | D:2      | Gained mutation: Your flesh is cold resistant. (rC+)
                  | [potion of mutation]
  1682 | D:3      | Reached XP level 5. HP: 53/53 MP: 4/4
  1699 | D:3      | Noticed Ijyb
  1717 | D:3      | Killed Ijyb
  1780 | D:3      | Found a runed translucent door.
  1781 | D:3      | Noticed Crazy Yiuf
  1795 | D:3      | Killed Crazy Yiuf
  1918 | D:3      | Found a radiant altar of Vehumet.
  1918 | D:3      | Noticed a frost-covered statue
  2004 | D:3      | Noticed Robin
  2044 | D:3      | Killed Robin
  2371 | D:4      | Reached skill level 4 in Fighting
  2385 | D:4      | Noticed a black bear
  2396 | D:4      | Killed a black bear
  2397 | D:4      | Reached XP level 6. HP: 47/62 MP: 5/5
  2524 | D:4      | Found a sand-covered staircase.
  2546 | Ossuary  | Entered an ossuary
  2682 | Ossuary  | Reached XP level 7. HP: 71/71 MP: 6/6
  2976 | D:4      | Noticed Blork the orc
  2996 | D:4      | Killed Blork the orc
  2997 | D:4      | Reached skill level 5 in Fighting
  3170 | D:4      | Found a staircase to the Ecumenical Temple.
  3265 | D:4      | Found a shimmering blue altar of Sif Muna.
  3710 | D:5      | Entered Level 5 of the Dungeon
  3710 | D:5      | Found a basalt altar of Yredelemnul.
  3743 | D:5      | Reached XP level 8. HP: 53/81 MP: 7/7
  4074 | D:5      | Reached skill level 5 in Shields
  4078 | D:5      | Reached skill level 6 in Fighting
  4078 | D:5      | Reached skill level 5 in Unarmed Combat
  4304 | D:5      | Found a burning altar of Makhleb.
  4726 | D:6      | Found a stormy altar of Qazlal.
  4744 | D:6      | Noticed Edmund
  5093 | D:6      | Killed Edmund
  5280 | D:7      | Found a flagged portal.
  5302 | Bailey   | Entered a bailey
  5356 | Bailey   | Reached skill level 5 in Dodging
  5356 | Bailey   | Reached XP level 9. HP: 62/92 MP: 8/8
  5374 | Bailey   | Slain by an orc warrior

Illustrated notes

Levels and vault maps discovered:
D:1:      dpeg_arrival_arbitrary_b, layout_basic,
          shapermc_ecumenical_altar_hornbeckon, grunt_decor_clamped
D:2:      layout_loops_ring
D:3:      layout_basic, vehumet_statue, kennysheep_generic_room_10, uniq_robin,
          uniq_ijyb, uniq_crazy_yiuf_cottage
D:4:      layout_basic, led_sif_pool, minmay_temple_entry_junction,
          enter_ossuary_4, minmay_pentangle, uniq_blork_the_orc
D:5:      black_bear_nest_1, layout_gridville, lightli_temple_of_fire,
          yredelemnul_altar_generic, chequers_serial_rivers_large_a
D:6:      layout_loops_ring, lemuel_crystal_altar, uniq_edmund
D:7:      layout_gridville, enter_bailey_5, st_stairs_8
Bailey:   bailey_polearm_elven_captive_hellmonk, bailey

Skill      XL: |  1  2  3  4  5  6  7  8 |
---------------+-------------------------+-----
Shields        | 3 4 5 |  5.6
Fighting       | 3 4 5 6 |  6.8
Dodging        | 3 4 5 |  5.0
Unarmed Combat | 3 4 5 |  5.7

Action                   |  1- 3 |  4- 6 |  7- 9 || total
-------------------------+-------+-------+-------++-------
Melee: Unarmed           |    89 |   212 |   262 ||   563
  Use: Scroll            |       |     7 |    11 ||    18
       Potion            |       |     1 |       ||     1
 Stab: Sleeping          |     1 |     3 |     9 ||    13
Armor: Robe              |    29 |    57 |    65 ||   151
Dodge: Dodged            |    39 |   124 |   136 ||   299
Block: Kite shield       |    31 |    87 |   106 ||   224

Table legend: (Time is in decaauts)
 A = Elapsed time spent in this place.
 B = Non-inter-level travel time spent in this place.
 C = Inter-level travel time spent in this place.
 D = Time resting spent in this place.
 E = Time spent auto-exploring this place.
 F = Levels seen in this place.
 G = Mean time per level.
                   A        B        C        D        E       F      G
               +--------+--------+--------+--------+--------+-----+--------+
         Total |   5419 |   5246 |    173 |      0 |   3198 |   9 |  602.1 |
       Dungeon |   5007 |   4834 |    173 |      0 |   3150 |   7 |  715.3 |
       Ossuary |    340 |    340 |      0 |      0 |     35 |   1 |  340.0 |
        Bailey |     72 |     72 |      0 |      0 |     13 |   1 |   72.0 |
               +--------+--------+--------+--------+--------+-----+--------+

Top non-repeatable levels by time:
     D:4: 1016 daAuts
     D:1: 954 daAuts
     D:3: 793 daAuts
     D:6: 760 daAuts
     D:5: 752 daAuts
     D:2: 640 daAuts
 Ossuary: 340 daAuts
     D:7: 89 daAuts
  Bailey: 72 daAuts
